 Dungeon Crawl Stone Soup version 0.25.0-37-gb73750e0fb (webtiles) character file.

Game seed: 14948655863420293537

777536 Peloso the Demonic Barricade (level 27, -5/188 HPs)
             Began as a Demonspawn Fighter on July 7, 2020.
             Was the Champion of Okawaru.
             Killed from afar by an orb of fire (20 damage)
             ... with a bolt of fire
             ... on level 5 of the Realm of Zot on July 8, 2020.
             The game lasted 04:54:17 (100107 turns).

Peloso the Demonic Barricade (Demonspawn Fighter) Turns: 100107, Time: 04:54:18

Health: -5/188     AC: 53    Str: 45    XL:     27
Magic:  27/27      EV: 10    Int:  7    God:    Okawaru [******]
Gold:   6488       SH: 35    Dex:  9    Spells: 29/29 levels left

rFire    + + .     SeeInvis .   a - +9 double sword (elec)
rCold    + + +     Gourm    .   c - +0 tower shield {AC+3}
rNeg     + + .     Faith    .   X - +9 crystal plate armour {rC+}
rPois    +         Spirit   .   y - -2 hat of the Alchemist {rElec rPois rF+ rC+ rN+ MR+ rMut rCorr}
rElec    +         Reflect  +   J - scarf {rC+ rF+}
rCorr    +         Harm     .   E - +2 pair of gloves {Str+3}
rMut     +         Rnd*Rage +   (boots unavailable)
MR       +++..                  K - amulet of reflection
Stlth    ..........             A - ring "Koitwam" {rPois Str+7 Dex-3 Slay+4}
HPRegen  0.00/turn              v - +6 ring of strength
MPRegen  0.20/turn

@: about to teleport, marked, sanguine armour, hasted, very quick
A: antennae 1, talons 3, berserk 1, blurry vision 2, demonic guardian 3,
deterioration 2, dopey 2, frail 2, negative energy resistance 1, screaming 1,
inhibited regeneration, spiny 3, 50% torment resistance, black mark, subdued
magic 1, sanguine armour 3
}: 4/15 runes: barnacled, slimy, silver, gossamer
a: Heroism, Finesse, Renounce Religion


You were on level 5 of the Realm of Zot.
You worshipped Okawaru.
Okawaru was exalted by your worship.
You were very hungry.

You visited 12 branches of the dungeon, and saw 58 of its levels.
You visited 2 bazaars.
You also visited: Ossuary, Gauntlet and Ice Cave.

You collected 11314 gold pieces.
You spent 4826 gold pieces at shops.

Inventory:

Hand Weapons
 a - a +9 double sword of electrocution (weapon)
 b - a +5 demon blade of electrocution
 p - the +8 spear of Okawaru {vorpal, Stlth+, unknown}
   (Okawaru gifted it to you on level 5 of the Realm of Zot)

   It inflicts extra damage upon your enemies.
   It makes you more stealthy.
 z - the +8 long sword of Okawaru's Inspiration {flame, Stlth+}
   (Okawaru gifted it to you on level 1 of the Elven Halls)

   It has been specially enchanted to burn those struck by it, causing extra
   injury to most foes and up to half again as much damage against particularly
   susceptible opponents.
   Big, fiery blades are also staple armaments of hydra-hunters.
   It makes you more stealthy.
Armour
 c - a +0 tower shield of protection (worn)
 q - a +2 cloak of preservation
 y - the -2 hat of the Alchemist (worn) {rElec rPois rF+ rC+ rN+ MR+ rMut rCorr}
   (You bought it in a shop in a bazaar)

   It protects you from fire.
   It protects you from cold.
   It insulates you from electricity.
   It protects you from poison.
   It protects you from negative energy.
   It affects your resistance to hostile enchantments.
   It provides partial protection from all sources of acid and corrosion.
   It protects you from mutation.
 E - a +2 pair of gloves of strength (worn)
 H - the +6 chain mail "Vonak" {rN++ Regen+ Str+3 Stlth-}
   (You found it on level 5 of the Realm of Zot)

   It affects your strength (+3).
   It greatly protects you from negative energy.
   It increases your rate of regeneration.
   It makes you less stealthy.
 J - a scarf of resistance (worn)
 X - a +9 crystal plate armour of cold resistance (worn)
Jewellery
 v - a +6 ring of strength (right hand)
 A - the ring "Koitwam" (left hand) {rPois Str+7 Dex-3 Slay+4}
   (You bought it in a shop in a bazaar)

   [ring of slaying]

   It affects your strength (+7).
   It affects your dexterity (-3).
   It affects your accuracy and damage with ranged weapons and melee attacks
   (+4).
   It protects you from poison.
 F - the ring "Olept" {Ice rElec rPois MR- MP+9}
   (You found it on level 4 of the Realm of Zot)

   [ring of ice]

   It enhances your ice magic.
   It makes you vulnerable to fire.
   It protects you from cold.
   It insulates you from electricity.
   It protects you from poison.
   It affects your resistance to hostile enchantments.
   It affects your magic capacity (+9).
 K - an amulet of reflection (around neck)
 L - the ring of the Tarantula {*Corrode rElec rPois Dex+5 SInv}
   (You took it off a frost giant on level 2 of the Depths)

   [ring of poison resistance]

   It affects your dexterity (+5).
   It insulates you from electricity.
   It protects you from poison.
   It lets you see invisible.
   It may corrode you when you take damage.
 Y - the ring of the Mage {Wiz MR++ Int+3}
   (You found it on level 4 of the Lair of Beasts)

   [ring of wizardry]

   It improves your spell success rate.
   It affects your intelligence (+3).
   It affects your resistance to hostile enchantments.
Wands
 U - a wand of digging (17)
Scrolls
 e - a scroll of acquirement
 g - 4 scrolls of magic mapping
 j - 2 scrolls of amnesia
 k - 28 scrolls of remove curse
 m - 3 scrolls of enchant armour
 n - 2 scrolls of fog
 r - 18 scrolls of identify
 s - 12 scrolls of teleportation
 t - 9 scrolls of noise
 x - 5 scrolls of blinking
 C - 12 scrolls of fear
Potions
 d - 8 potions of might
 h - 6 potions of mutation
 i - 2 potions of stabbing
 l - 2 potions of invisibility
 o - 2 potions of brilliance
 u - 5 potions of haste
 w - 2 potions of berserk rage
 D - 18 potions of curing
 I - 2 potions of flight
 V - 3 potions of resistance
Comestibles
 f - 92 rations


   Skills:
 + Level 23.4 Fighting
 + Level 22.8 Long Blades
 + Level 1.5 Throwing
 + Level 21.7 Armour
 + Level 3.3 Dodging
 + Level 6.9 Stealth
 O Level 27 Shields
 + Level 1.5 Unarmed Combat
 + Level 1.6 Spellcasting
 + Level 6.3 Invocations
 + Level 3.0 Evocations


You had 29 spell levels left.
You didn't know any spells.
Your spell library contained the following spells:

 Spells                   Type           Power        Failure   Level  Hunger
 Animate Skeleton         Necr           N/A          85%         1    ##.....
 Apportation              Tloc           #.....       85%         1    ##.....
 Corona                   Hex            #......      85%         1    ##.....
 Foxfire                  Conj/Fire      #...         85%         1    ##.....
 Freeze                   Ice            #...         85%         1    ##.....
 Magic Dart               Conj           #...         85%         1    ##.....
 Pain                     Necr           #...         85%         1    ##.....
 Sandblast                Erth           #.....       85%         1    ##.....
 Shock                    Conj/Air       #...         85%         1    ##.....
 Sting                    Tmut/Pois      #...         85%         1    ##.....
 Summon Butterflies       Summ           #.......     85%         1    ##.....
 Summon Small Mammal      Summ           #...         85%         1    ##.....
 Blink                    Tloc           N/A          94%         2    ###....
 Call Imp                 Summ           #.......     94%         2    ###....
 Corpse Rot               Necr/Air       N/A          94%         2    ###....
 Ensorcelled Hibernation  Hex/Ice        #.....       94%         2    ###....
 Passwall                 Tmut/Erth      #.......     94%         2    ###....
 Poisonous Vapours        Pois/Air       #.....       94%         2    ###....
 Searing Ray              Conj           #.....       94%         2    ###....
 Sticks to Snakes         Tmut           #.......     94%         2    ###....
 Sublimation of Blood     Necr           #.........   94%         2    ###....
 Swiftness                Chrm/Air       #.......     94%         2    ###....
 Call Canine Familiar     Summ           #.......     99%         3    ####...
 Confusing Touch          Hex            #.......     99%         3    ####...
 Conjure Flame            Conj/Fire      #.......     99%         3    ####...
 Dazzling Flash           Conj/Hex       #.....       99%         3    ####...
 Frozen Ramparts          Ice            #.....       99%         3    ####...
 Gell's Gravitas          Tloc           #.........   99%         3    ####...
 Ignite Poison            Fire/Tmut/Pois #.......     99%         3    ####...
 Inner Flame              Hex/Fire       #.......     99%         3    ####...
 Lesser Beckoning         Tloc           #.........   99%         3    ####...
 Mephitic Cloud           Conj/Pois/Air  #.......     99%         3    ####...
 Ozocubu's Armour         Chrm/Ice       #.......     99%         3    ####...
 Portal Projectile        Hex/Tloc       #.....       99%         3    ####...
 Spectral Weapon          Hex/Chrm       #.......     99%         3    ####...
 Stone Arrow              Conj/Erth      #.....       99%         3    ####...
 Summon Guardian Golem    Hex/Summ       #.......     99%         3    ####...
 Tukima's Dance           Hex            #.......     99%         3    ####...
 Vampiric Draining        Necr           #.........   99%         3    ####...
 Airstrike                Air            #.........   100%        4    #####..
 Animate Dead             Necr           N/A          100%        4    #####..
 Cause Fear               Hex            #.........   100%        4    #####..
 Dispel Undead            Necr           #.......     100%        4    #####..
 Fulminant Prism          Conj/Hex       #.........   100%        4    #####..
 Hailstorm                Conj/Ice       #.......     100%        4    #####..
 Ice Form                 Ice/Tmut       #.......     100%        4    #####..
 Iskenderun's Mystic Bla  Conj/Tloc      #.......     100%        4    #####..
 Leda's Liquefaction      Hex/Erth       #.........   100%        4    #####..
 Olgreb's Toxic Radiance  Pois           #.......     100%        4    #####..
 Passage of Golubria      Tloc           N/A          100%        4    #####..
 Petrify                  Tmut/Erth      #.......     100%        4    #####..
 Sticky Flame             Conj/Fire      #.......     100%        4    #####..
 Summon Ice Beast         Ice/Summ       #.......     100%        4    #####..
 Summon Lightning Spire   Summ/Air       #.......     100%        4    #####..
 Agony                    Necr           #.......     100%        5    ######.
 Alistair's Intoxication  Tmut/Pois      #.......     100%        5    ######.
 Bolt of Magma            Conj/Fire/Erth #.........   100%        5    ######.
 Borgnjor's Vile Clutch   Necr/Erth      #.........   100%        5    ######.
 Excruciating Wounds      Chrm/Necr      #.........   100%        5    ######.
 Fireball                 Conj/Fire      #.........   100%        5    ######.
 Irradiate                Conj/Tmut      #.........   100%        5    ######.
 Iskenderun's Battlesphe  Conj/Chrm      #.......     100%        5    ######.
 Lee's Rapid Deconstruct  Erth           #.........   100%        5    ######.
 Lightning Bolt           Conj/Air       #.........   100%        5    ######.
 Metabolic Englaciation   Hex/Ice        #.........   100%        5    ######.
 Silence                  Hex/Air        #.........   100%        5    ######.
 Summon Forest            Summ/Tloc      #.........   100%        5    ######.
 Yara's Violent Unravell  Hex/Tmut       #.........   100%        5    ######.
 Conjure Ball Lightning   Conj/Air       #.........   100%        6    #######
 Darkness                 Hex            #.........   100%        6    #######
 Death Channel            Necr           #.........   100%        6    #######
 Dispersal                Tloc           #.........   100%        6    #######
 Eringya's Noxious Bog    Tmut/Pois      #.........   100%        6    #######
 Freezing Cloud           Conj/Ice/Air   #.........   100%        6    #######
 Hydra Form               Tmut           #.........   100%        6    #######
 Invisibility             Hex            #.......     100%        6    #######
 Iron Shot                Conj/Erth      #.........   100%        6    #######
 Ozocubu's Refrigeration  Ice            #.........   100%        6    #######
 Shadow Creatures         Summ           N/A          100%        6    #######
 Simulacrum               Ice/Necr       #.........   100%        6    #######
 Statue Form              Tmut/Erth      #........    100%        6    #######
 Dragon Form              Tmut           #.........   100%        7    #######
 Haunt                    Necr/Summ      #.........   100%        7    #######
 Malign Gateway           Summ/Tloc      #.........   100%        7    #######
 Monstrous Menagerie      Summ           #.........   100%        7    #######
 Orb of Destruction       Conj           #.........   100%        7    #######
 Ring of Flames           Chrm/Fire      #.........   100%        7    #######
 Spellforged Servitor     Conj/Summ      #.........   100%        7    #######
 Summon Greater Demon     Summ           #.........   100%        7    #######
 Summon Hydra             Summ           #.........   100%        7    #######
 Borgnjor's Revivificati  Necr           #.........   100%        8    #######
 Chain Lightning          Conj/Air       #.........   100%        8    #######
 Controlled Blink         Tloc           N/A          100%        8    #######
 Death's Door             Chrm/Necr      #.........   100%        8    #######
 Discord                  Hex            #.........   100%        8    #######
 Disjunction              Tloc           #.........   100%        8    #######
 Infestation              Necr           #.........   100%        8    #######
 Lehudib's Crystal Spear  Conj/Erth      #.........   100%        8    #######
 Necromutation            Tmut/Necr      #.........   100%        8    #######
 Summon Horrible Things   Summ           #.........   100%        8    #######
 Absolute Zero            Ice            #.........   100%        9    #######
 Fire Storm               Conj/Fire      #.........   100%        9    #######
 Shatter                  Erth           #.........   100%        9    #######
 Tornado                  Air            #.........   100%        9    #######


Dungeon Overview and Level Annotations

Branches:
Dungeon (15/15)            Temple (0/1) D:6            Lair (6/6) D:9
 Shoals (4/4) Lair:4       Spider (4/4) Lair:3        Slime (5/5) Lair:6
    Orc (2/2) D:12            Elf (3/3) Orc:2        Vaults (5/5) D:13
  Crypt (3/3) Vaults:2       Tomb (0/3) Crypt:3      Depths (5/5) D:15
   Hell (visited)             Zot (5/5) Depths:5    Ossuary (visited)
  IceCv (visited)         Gauntlet (visited)
    Dis: Hell:1         Geh: Hell:1         Coc: Hell:1         Tar: Hell:1

Altars:
Ashenzari
Fedhas
Hepliaklqana
Kikubaaqudgha
Okawaru
Sif Muna
Xom
Zin
Beogh
Jiyva

Shops:
D:7 !*   D:9 !   Orc:2 }([(   Elf:1 *   Vaults:1 !===(   Vaults:4 =
Depths:1 =}}

Portals:
Hell: Depths:1 Depths:2 Depths:3 Depths:4 Depths:5
Abyss: Depths:4
Pandemonium: Depths:3
Ziggurat: Depths:5
Trove: Depths:1 (give 8 scrolls of blinking)

Annotations:
D:13 CASA


Innate Abilities, Weirdness & Mutations

You have claws for feet.
A powerful demonic guardian rushes to your aid.
You resist negative energy. (rN+)
You are completely covered in sharp spines.
You are somewhat able to resist unholy torments (1 in 2 success).
Your melee attacks may debilitate your foes.
When seriously injured, your bleeding wounds create very thick armour. (AC +12)
You have a pair of small antennae on your head.
You tend to lose your temper in combat.
Scrolls take you longer to read.
Your body often deteriorates upon taking damage.
You are very dopey. (Int -4)
You are very frail. (-20% HP)
You occasionally shout uncontrollably at your foes.
You do not regenerate when monsters are visible.
Your spells are a little easier to cast, but a little less powerful.


Message History

The fireball engulfs the orb of fire.
The orb of fire completely resists.
The fireball engulfs your Executioner!!
Your Executioner resists.
Your Executioner dies!
You miss the orb of fire. Your kick misses the orb of fire.
The orb of fire is severely damaged.
The orb of fire glows yellow.
The fireball explodes!
The fireball engulfs you! You resist.
* * * LOW HITPOINT WARNING * * *
The fireball engulfs the orb of fire.
The orb of fire completely resists.
The fireball engulfs the orb of fire.
The orb of fire completely resists.
Unknown command.
You miss the orb of fire. Your kick misses the orb of fire.
The orb of fire is severely damaged.
Unknown command.
You hit the orb of fire. Your kick misses the orb of fire.
The orb of fire is almost destroyed.
The orb of fire glows yellow.
The bolt of fire hits you!! You resist.
You die...

* ****,.......... ***
##▓:............. ^,**
##................ ,,,* ****▓▓▓▓*
#.................
,,,***,,,....▓*▓........(....^...
,,,**,^,,.....▓▓.^(....(.........
,,,*,,,,,......▓.................
,,,,^,,,,0.....**................
,,^*,,,,,,,,,^,▓@................
,,,**,,,^,,,,,*▓.................
,^,***,,,,,,,**▓.................
,,,* ********* ▓.................
,,** ▓▓......^......... ***
▓▓▓.^............ *
▓▓▓▓......^.... ▓▓▓▓▓▓▓▓▓▓▓▓


You could see 2 orbs of fire.

Vanquished Creatures
  the Royal Jelly (Slime:5)
  5 orbs of fire (Zot:5)
  6 ancient liches
  3 juggernauts
  Sojobo (Vaults:4)
  Boris (thrice) (Crypt:1 Depths:1 Depths:4)
  Saint Roka (Crypt:1)
  Frederick (Vaults:3)
  2 Killer Klowns
  5 curse toes
  7 caustic shrikes
  Xtahua (Crypt:1)
  20 golden dragons
  Nikola (Shoals:3)
  Geryon (Hell)
  Arachne (Spider:2)
  A bone dragon (Zot:2)
  4 liches
  A Tzitzimitl (Zot:5)
  2 electric golems (Zot:5)
  A shard shrike zombie (Crypt:2)
  A shard shrike skeleton (Crypt:2)
  Jorgrun (Shoals:3)
  14 tentacled monstrosities
  6 quicksilver dragons
  3 deep elf blademasters
  A quicksilver dragon (shapeshifter) (Depths:2)
  20 Orb Guardians (Zot:5)
  28 acid blobs
  2 deep elf master archers
  8 titans
  3 ancient champions
  6 death cobs
  Frances (D:13)
  4 sphinxes
  12 shadow dragons
  Agnes (Vaults:3)
  11 storm dragons
  11 tengu reavers
  6 draconian monks
  7 azure jellies
  11 vault wardens
  5 iron dragons
  6 draconian scorchers
  8 draconian knights
  6 fire giants
  11 frost giants
  10 deep elf sorcerers
  2 orc warlords
  3 ghost moths (Spider:4)
  4 curse skulls
  11 deep elf elementalists
  Aizul (Spider:1)
  3 emperor scorpions (Spider:4)
  9 draconian shifters
  3 spriggan defenders
  Louise (Shoals:1)
  10 ironheart preservers
  8 draconian stormcallers
  9 reapers
  12 stone giants
  9 vampire knights
  2 war gargoyles
  11 draconian annihilators
  5 ghouls
  21 very ugly things
  3 entropy weavers (Lair:5)
  7 green draconians
  14 purple draconians
  9 deep elf demonologists
  Azrael (D:14)
  10 deep elf annihilators
  The ghost of harlaan the Eclecticist, a journeyman DESu of Sif Muna (Shoals:1)
  9 white draconians
  7 spark wasps
  21 yellow draconians
  14 black draconians
  The ghost of Colgate the Archer, a journeyman CeHu of Ashenzari (Spider:1)
  8 red draconians
  11 eidola
  A minotaur (Gauntlet)
  8 merfolk impalers
  A crystal guardian (Vaults:2)
  Snorg (D:11)
  A mummy priest (Crypt:3)
  10 ettins
  4 merfolk javelineers (Shoals:4)
  7 deep elf death magi
  7 death oozes
  19 fire dragons
  13 yaktaur captains
  The ghost of Reubyar the Impaler, a journeyman MiBe of Trog (Lair:2)
  Fannar (D:11)
  11 jiangshi
  13 ice dragons
  32 vault guards
  11 great orbs of eyes
  7 hydras
  A hydra (shapeshifter) (Depths:4)
  5 deep elf high priests
  A hell beast (Gauntlet)
  4 merfolk avatars (Shoals:4)
  4 spriggan air magi
  6 rakshasas
  3 merfolk aquamancers
  The ghost of princeOfDonkeys the Nimble, a journeyman SpFi of Sif Muna (Orc:1)
  2 alligator snapping turtles
  3 death knights
  Erica (D:11)
  An anaconda (shapeshifter) (Depths:4)
  28 two-headed ogres
  24 dancing weapons
  2 ghost crabs (Lair:5)
  16 centaur warriors
  13 ogre magi
  6 tengu warriors
  5 deep troll shamans
  6 orc high priests
  6 vampire magi
  4 satyrs
  4 death yaks (Lair:5)
  8 deep troll earth magi
  18 hell knights
  4 spriggan berserkers
  6 soul eaters
  A titan skeleton (Crypt:3)
  19 deep elf knights
  A storm dragon zombie (Crypt:3)
  Sonja (D:11)
  22 skeletal warriors
  6 fire crabs (Lair:5)
  2 shadow wraiths
  31 deep trolls
  2 iron trolls
  2 storm dragon skeletons
  A torturous demonspawn (Depths:3)
  7 sea snakes
  A sixfirhy (Hell)
  4 unseen horrors
  A small abomination (Vaults:4)
  2 golden dragon zombies
  A death drake (Zot:2)
  A shadow demon (Zot:5)
  6 wizards
  A quicksilver dragon simulacrum (Hell)
  A ghost moth zombie (Crypt:3)
  An anaconda zombie (Crypt:3)
  8 flayed ghosts
  7 glowing orange brains
  A swamp dragon (Zot:4)
  An anaconda skeleton (Hell)
  A lindwurm (Lair:6)
  An orange crystal statue (Elf:2)
  21 deep elf archers
  A shadow dragon zombie (Depths:4)
  2 iron giant skeletons (Crypt:1)
  10 orc knights
  22 necromancers
  21 phantasmal warriors
  A harpy (shapeshifter) (Vaults:3)
  19 ironbrand convokers
  5 orc sorcerers
  A shadow dragon skeleton (Crypt:1)
  55 deep elf magi
  3 harpies (Shoals:4)
  A mana viper (shapeshifter) (Vaults:5)
  38 ugly things
  18 wolf spiders
  2 shining eyes (shapeshifter)
  13 orb spiders
  4 oklob plants (Zot:1)
  8 shining eyes
  2 fire giant zombies
  3 stone giant zombies
  5 cyclopes
  15 manticores
  13 moths of wrath
  10 elephants
  A frost giant zombie (Crypt:3)
  A black mamba (shapeshifter) (Vaults:3)
  6 fauns
  An apocalypse crab (Lair:5)
  3 ice statues
  A frost giant skeleton (Crypt:1)
  A fire giant skeleton (Depths:4)
  5 merfolk sirens
  2 rust devils
  4 stone giant skeletons
  12 vault sentinels
  Maggie (D:6)
  6 water nymphs
  2 molten gargoyles (Lair:6)
  5 black mambas
  16 spiny frogs
  An emperor scorpion zombie (Crypt:3)
  An eye of devastation (Slime:5)
  A shock serpent skeleton (Crypt:2)
  2 elf skeletons (Depths:4)
  2 gargoyles
  3 yaktaur zombies
  13 ice devils
  2 kobold demonologists (D:12)
  5 spectral swamp worms (Depths:3)
  7 demonic crawlers
  6 rime drakes
  A rime drake (shapeshifter) (Vaults:1)
  A catoblepas skeleton (Crypt:1)
  48 yaktaurs
  A tormentor (Hell)
  11 freezing wraiths
  13 hellwings (Crypt:3)
  9 komodo dragons
  An efreet (D:15)
  A red devil (Depths:3)
  31 jumping spiders
  A merfolk (shapeshifter) (Vaults:2)
  2 meliai (shapeshifter)
  8 hornets
  25 merfolk
  3 meliai (Lair:4)
  A queen bee (Lair:4)
  10 trolls
  A hornet (shapeshifter) (Vaults:1)
  A jumping spider (shapeshifter) (Depths:2)
  8 wind drakes
  66 slime creatures
  3 polar bears
  A deep troll zombie (Hell)
  2 polar bears (shapeshifter) (Vaults:3)
  A slime creature (shapeshifter) (Vaults:5)
  A blink frog (shapeshifter) (Elf:3)
  A hydra skeleton (Crypt:3)
  2 bog bodies (Crypt:1)
  8 blink frogs
  2 fire dragon zombies (Crypt:3)
  11 hippogriffs
  6 large abominations (Elf:1)
  A tarantella zombie (Crypt:1)
  A meliai zombie (D:15)
  13 snapping turtles
  A spectral black mamba (Lair:2)
  A black mamba zombie (Crypt:2)
  3 ice dragon skeletons (Crypt:3)
  A spriggan (Depths:3)
  71 redbacks
  A spriggan (shapeshifter) (Depths:1)
  2 ushabtiu (Crypt:3)
  2 air elementals
  2 shadows
  A human (shapeshifter) (Vaults:3)
  9 wyverns
  An ettin skeleton (Crypt:3)
  11 wraiths
  28 tarantellas
  6 fire elementals
  3 hogs
  10 water elementals
  4 golden eyes (Slime:4)
  27 yaks
  Grum (D:11)
  2 basilisks
  2 hungry ghosts
  A steam dragon (shapeshifter) (Vaults:5)
  A death yak simulacrum (Lair:2)
  2 steam dragons
  7 vampire mosquitoes
  5 wargs
  7 acid dragons
  A spectral spiny frog (Lair:2)
  A two-headed ogre zombie (Crypt:1)
  14 water moccasins
  15 hell hounds
  2 floating eyes (shapeshifter)
  4 porcupines
  A torturous demonspawn zombie (Crypt:2)
  2 floating eyes
  A deep troll skeleton (Crypt:2)
  A monstrous demonspawn skeleton (Crypt:1)
  44 orc warriors
  3 sky beasts
  4 ice beasts
  2 phantoms
  4 eyes of draining
  An eye of draining (shapeshifter) (Depths:2)
  3 necrophages
  25 ogres
  A black bear (shapeshifter) (Elf:1)
  A black mamba simulacrum (Lair:2)
  19 boggarts
  A wolf (shapeshifter) (Vaults:2)
  A manticore skeleton (Crypt:1)
  17 centaurs
  A hog zombie (Crypt:1)
  14 wolves
  A snapping turtle skeleton (Hell)
  13 crocodiles
  3 big kobolds
  4 elf zombies
  20 bullfrogs
  4 wyvern zombies
  2 spiny frog simulacra (Lair:2)
  3 gnoll sergeants
  4 earth elementals
  2 human skeletons
  3 wyvern skeletons (Crypt:3)
  A hornet simulacrum (D:15)
  35 killer bees
  4 scorpions
  A shapeshifter zombie (Crypt:2)
  3 wights (D:15)
  A troll skeleton (Crypt:3)
  3 electric eels
  4 howler monkeys
  A wolf zombie (Crypt:2)
  5 crimson imps
  5 lava snakes (Lair:6)
  2 quasits
  A yaktaur simulacrum (Vaults:1)
  5 centaur zombies
  A human zombie (Crypt:1)
  14 jellies
  8 hounds
  2 bullfrog zombies
  A centaur skeleton (D:8)
  33 orc priests
  2 bullfrog skeletons
  A gnoll shaman (D:6)
  Crazy Yiuf (D:6)
  37 orc wizards
  2 iguanas
  14 worker ants
  A tengu skeleton (Crypt:2)
  A big kobold skeleton (Crypt:2)
  2 hound zombies
  5 mummies
  20 gnolls
  12 adders
  A swamp drake zombie (Crypt:2)
  4 shadow imps
  6 white imps (IceCv)
  10 ufetubi (IceCv)
  3 oozes (D:1)
  3 adder skeletons
  3 adder zombies
  3 worms (D:4)
  A dart slug (D:1)
  6 leopard geckos
  An orc (shapeshifter) (Vaults:5)
  108 orcs
  2 ball pythons
  7 bats
  4 giant cockroaches
  A gnoll zombie (Ossuary)
  8 goblins
  13 hobgoblins
  4 jackals
  15 kobolds
  7 quokkas
  2 frilled lizards
  A frilled lizard zombie (Crypt:1)
  A giant cockroach zombie (D:6)
  A goblin zombie (Ossuary)
  A hobgoblin zombie (Ossuary)
  2 jackal zombies (Ossuary)
  A kobold skeleton (Crypt:3)
  2 kobold zombies (Ossuary)
  6 rats
  2 rat zombies (Ossuary)
  A bush (Lair:1)
  2 crawling corpses (Elf:3)
  2 fungi
  17 plants
  2 withered plants (Crypt:3)
2608 creatures vanquished.

Vanquished Creatures (collateral kills)
  An ancient lich (Zot:5)
  Mennas (Depths:5)
  An orb of fire (Zot:1)
  A Killer Klown (Zot:5)
  A golden dragon (Depths:5)
  A tentacled monstrosity (Vaults:4)
  5 Orb Guardians (Zot:5)
  3 acid blobs
  Kirke (Shoals:4)
  A storm dragon (Zot:5)
  2 tengu reavers (Vaults:5)
  2 fire giants
  An azure jelly (Slime:5)
  A draconian monk (Zot:5)
  A vault warden (Vaults:5)
  2 draconian knights
  A draconian stormcaller (Zot:2)
  A draconian shifter (Zot:5)
  A cacodemon (Hell)
  3 very ugly things
  A vampire knight (Depths:2)
  An entropy weaver (Lair:5)
  A black draconian (Zot:1)
  2 ironheart preservers (Vaults:5)
  3 green draconians
  A dire elephant (D:15)
  4 yellow draconians
  A white draconian (Depths:5)
  A red draconian (Depths:5)
  3 purple draconians
  An ettin (Vaults:5)
  An ogre mage (D:15)
  3 yaktaur captains
  3 vault guards (Vaults:4)
  A hydra (Lair:2)
  Harold (Lair:1)
  2 great orbs of eyes
  2 spriggan air magi
  2 ice dragons
  A merfolk avatar (Shoals:4)
  5 two-headed ogres
  A deep troll earth mage (Depths:4)
  A vampire mage (Depths:4)
  A spriggan berserker (Depths:4)
  2 soul eaters (Hell)
  A hell knight (D:14)
  3 skeletal warriors (Crypt:1)
  2 deep trolls
  2 deep elf archers
  2 necromancers
  An orb spider (Spider:2)
  3 deep elf magi
  A wolf spider (Spider:4)
  7 ugly things
  A salamander (D:15)
  A merfolk siren (Shoals:3)
  An orange demon (Hell)
  A vault sentinel (Vaults:5)
  A demonic crawler (Spider:4)
  4 yaktaurs
  A tengu conjurer (Depths:4)
  2 merfolk (Shoals:4)
  2 hornets (Depths:3)
  7 slime creatures
  A hippogriff (D:11)
  A redback (Spider:3)
  A spriggan (Depths:3)
  2 hogs (shapeshifter)
  A water elemental (Shoals:3)
  3 yaks (Lair:1)
  A warg (Orc:2)
  2 floating eyes
  An orc warrior (Orc:2)
  A phantom (D:5)
  An elf zombie (Vaults:1)
  4 ogres
  A wolf (shapeshifter) (Depths:2)
  A wyvern skeleton (D:3)
  2 jellies (Zot:1)
  An orc priest (Orc:2)
  An orc wizard (D:15)
  2 gnolls (D:2)
  3 adders
  An ufetubus (IceCv)
  5 orcs
  A goblin (D:2)
  2 jackals (D:5)
  3 kobolds
  A fungus (Gauntlet)
162 creatures vanquished.

Vanquished Creatures (others)
  An acid blob (Zot:1)
  A fire giant (Vaults:5)
  A white draconian (Zot:1)
  Nessos (D:14)
  A rakshasa (Vaults:1)
  A deep elf knight (Orc:1)
  An unseen horror (D:15)
  A phantasmal warrior (Vaults:4)
  A deep elf mage (Vaults:4)
  A water nymph (Shoals:3)
  2 jumping spiders
  A redback (Spider:3)
  3 humans (Shoals:4)
  An acid dragon (Zot:4)
  A boggart (Vaults:2)
  2 white imps (IceCv)
  An ufetubus (IceCv)
  13 fungi
  8 plants
  14 withered plants (Crypt:3)
56 creatures vanquished.

Grand Total: 2826 creatures vanquished

Notes
Turn   | Place    | Note
-------+----------+-------------------------------------------
     0 | D:1      | Peloso the Demonspawn Fighter began the quest for the Orb.
     0 | D:1      | Reached XP level 1. HP: 18/18 MP: 1/1
   156 | D:1      | Gained mutation: A weak demonic guardian rushes to your
                  | aid. [demonic ancestry]
   156 | D:1      | Reached XP level 2. HP: 24/24 MP: 2/2
   471 | D:1      | Reached skill level 3 in Shields
   662 | D:1      | Gained mutation: You are partially covered in sharp spines.
                  | [demonic ancestry]
   662 | D:1      | Reached XP level 3. HP: 29/29 MP: 3/3
  1317 | D:2      | Gained mutation: When seriously injured, your bleeding
                  | wounds create armour. (AC +12) [demonic ancestry]
  1317 | D:2      | Reached XP level 4. HP: 31/35 MP: 4/4
  1851 | D:2      | You fall into a shaft and drop 1 floor!
  1865 | D:3      | Reached XP level 5. HP: 5/41 MP: 5/5
  2255 | D:3      | Reached skill level 1 in Dodging
  2255 | D:3      | Gained mutation: You are mostly covered in sharp spines.
                  | [demonic ancestry]
  2255 | D:3      | Reached XP level 6. HP: 37/47 MP: 6/6
  3026 | D:4      | Reached skill level 4 in Shields
  3413 | D:4      | Reached XP level 7. HP: 52/52 MP: 7/7
  3541 | D:4      | Reached skill level 1 in Stealth
  3897 | D:5      | Entered Level 5 of the Dungeon
  3944 | D:5      | Found an iron altar of Okawaru.
  3953 | D:5      | Became a worshipper of Warmaster Okawaru
  4063 | D:5      | Reached skill level 5 in Long Blades
  4231 | D:5      | Reached * piety under Okawaru
  4268 | D:5      | Reached XP level 8. HP: 34/60 MP: 8/8
  4443 | D:5      | Reached skill level 5 in Shields
  4601 | D:5      | Reached skill level 5 in Armour
  5059 | D:6      | Noticed Maggie
  5100 | D:6      | Killed Maggie
  5100 | D:6      | Reached ** piety under Okawaru
  5289 | D:6      | Gained mutation: You are completely covered in sharp
                  | spines. [demonic ancestry]
  5289 | D:6      | Reached XP level 9. HP: 45/66 MP: 9/9
  5590 | D:6      | Found a staircase to the Ecumenical Temple.
  5701 | D:6      | Found a runed translucent door.
  5702 | D:6      | Noticed Crazy Yiuf
  5707 | D:6      | Killed Crazy Yiuf
  5815 | D:7      | Found Zin's Purification Station.
  5815 | D:7      | Found a glowing silver altar of Zin.
  5887 | D:7      | Found Ysarin's Distillery.
  6004 | D:7      | Reached *** piety under Okawaru
  6439 | D:8      | Reached skill level 5 in Fighting
  6561 | D:8      | Noticed a two-headed ogre
  6571 | D:8      | Killed a two-headed ogre
  6571 | D:8      | Reached skill level 6 in Shields
  6585 | D:8      | Found a sand-covered staircase.
  6593 | Ossuary  | Entered an ossuary
  7511 | D:9      | Found Niggyn's Distillery.
  7540 | D:9      | Reached **** piety under Okawaru
  7566 | D:9      | Found a staircase to the Lair.
  7703 | D:9      | Noticed a two-headed ogre
  7710 | D:9      | Killed a two-headed ogre
  7710 | D:9      | Gained mutation: When seriously injured, your bleeding
                  | wounds create thick armour. (AC +12) [demonic ancestry]
  7710 | D:9      | Reached XP level 10. HP: 42/75 MP: 10/10
  7789 | D:9      | Noticed a two-headed ogre
  7804 | D:9      | Killed a two-headed ogre
  7804 | D:9      | Reached ***** piety under Okawaru
  7983 | D:9      | Reached skill level 7 in Shields
  8071 | D:9      | Bought a potion of mutation for 112 gold pieces
  8071 | D:9      | Bought a potion of might for 56 gold pieces
  8426 | D:10     | Entered Level 10 of the Dungeon
  8686 | D:10     | Reached skill level 1 in Invocations
  8883 | D:10     | Noticed a gargoyle
  8900 | D:10     | Killed a gargoyle
  8900 | D:10     | Reached skill level 10 in Long Blades
  9453 | D:11     | Noticed a cyclops
  9461 | D:11     | Killed a cyclops
  9461 | D:11     | Reached XP level 11. HP: 81/82 MP: 12/12
  9471 | D:11     | Noticed Sonja
  9477 | D:11     | Killed Sonja
  9477 | D:11     | Received a gift from Okawaru
  9477 | D:11     | Reached skill level 8 in Shields
  9698 | D:11     | Noticed Snorg
  9713 | D:11     | Killed Snorg
  9964 | D:11     | Noticed Grum
  9966 | D:11     | Noticed Fannar
  9990 | D:11     | Killed Grum
 10038 | D:11     | Killed Fannar
 10205 | D:11     | Killed an unseen horror
 10425 | D:11     | Noticed Erica
 10457 | D:11     | Killed Erica
 10457 | D:11     | Reached skill level 9 in Shields
 10553 | D:11     | Noticed a two-headed ogre
 10558 | D:11     | Killed a two-headed ogre
 11011 | D:12     | Noticed an eight-headed hydra
 11017 | D:12     | Killed a four-headed hydra
 11021 | D:12     | Noticed a skeletal warrior
 11128 | D:11     | Killed a skeletal warrior
 11128 | D:11     | Reached ****** piety under Okawaru
 11128 | D:11     | Received a gift from Okawaru
 11165 | D:12     | Noticed a death knight
 11176 | D:12     | Noticed a skeletal warrior
 11181 | D:12     | Killed a death knight
 11181 | D:12     | Reached XP level 12. HP: 65/91 MP: 11/14
 11249 | D:12     | Found a roughly hewn altar of Beogh.
 11431 | D:12     | Found a staircase to the Orcish Mines.
 11694 | D:12     | Reached skill level 10 in Shields
 11695 | D:12     | You fall into a shaft and drop 2 floors!
 11941 | D:13     | Noticed a centaur warrior
 11949 | D:13     | Killed a centaur warrior
 11949 | D:13     | Noticed Frances
 11964 | D:13     | Killed Frances
 12063 | D:12     | Noticed an orc warlord
 12082 | D:12     | Killed an orc warlord
 12089 | D:12     | Got an ancient iron ring
 12091 | D:12     | Identified the ring "Cial" {MP+9 Str+6 Int+3 Stlth-} (You
                  | found it on level 12 of the Dungeon)
 12226 | D:12     | Received a gift from Okawaru
 12533 | Lair:1   | Entered Level 1 of the Lair of Beasts
 12696 | Lair:1   | Noticed Harold
 12739 | Lair:1   | Killed Harold
 12739 | Lair:1   | Gained mutation: When seriously injured, your bleeding
                  | wounds create very thick armour. (AC +12) [demonic
                  | ancestry]
 12739 | Lair:1   | Reached XP level 13. HP: 100/100 MP: 15/15
 14221 | Lair:2   | Reached skill level 11 in Shields
 14259 | Lair:2   | Received a gift from Okawaru
 14299 | Lair:2   | Found a runed translucent gate.
 14299 | Lair:2   | Found a runed translucent gate.
 14300 | Lair:2   | Found a runed translucent gate.
 14302 | Lair:2   | Noticed Reubyar's ghost (journeyman MiBe)
 15564 | Lair:3   | Found a frozen archway.
 15573 | IceCv    | Entered an ice cave
 15671 | IceCv    | Reached skill level 10 in Fighting
 16090 | IceCv    | Noticed a reaper
 16107 | IceCv    | Killed a reaper
 16235 | IceCv    | Reached skill level 10 in Armour
 16380 | Lair:3   | Found a hole to the Spider Nest.
 16891 | Lair:4   | Found the ring of the Mage {Wiz MR++ Int+3}
 16929 | Lair:4   | Received a gift from Okawaru
 17094 | Lair:4   | Found a staircase to the Shoals.
 17493 | D:13     | Reached XP level 14. HP: 74/109 MP: 16/16
 17725 | D:13     | Found a gate to the Vaults.
 17909 | D:13     | Found a hazy altar of Hepliaklqana.
 18527 | D:7      | Bought a potion of might for 52 gold pieces
 18527 | D:7      | Bought a potion of might for 52 gold pieces
 18657 | Orc:1    | Entered Level 1 of the Orcish Mines
 19101 | Orc:1    | Found a runed translucent gate.
 19101 | Orc:1    | Found a runed translucent gate.
 19108 | Orc:1    | Found a runed translucent gate.
 19109 | Orc:1    | Noticed a stone giant
 19109 | Orc:1    | Noticed princeOfDonkeys's ghost (journeyman SpFi)
 19236 | Orc:1    | Found an iron altar of Okawaru.
 19262 | Orc:1    | Killed princeOfDonkeys's ghost
 19262 | Orc:1    | Reached skill level 12 in Shields
 19289 | Orc:1    | Killed a stone giant
 19289 | Orc:1    | Received a gift from Okawaru
 19438 | Orc:1    | Identified the Catalogue of Aerial Cold
 19465 | Orc:2    | Entered Level 2 of the Orcish Mines
 19504 | Orc:2    | Found a gate leading to a gauntlet.
 19529 | Gauntlet | Entered a Gauntlet
 19529 | Gauntlet | Found a transporter.
 19571 | Gauntlet | Found a transporter.
 19571 | Gauntlet | Found a transporter.
 19573 | Gauntlet | Found a transporter.
 19588 | Gauntlet | Found a transporter.
 19604 | Gauntlet | Found a transporter.
 19611 | Gauntlet | Found a transporter.
 19627 | Gauntlet | Found a transporter.
 19637 | Gauntlet | Found the +9 staff of Olgreb {rPois∞}
 19646 | Gauntlet | Found a transporter.
 19676 | Gauntlet | Found a transporter.
 19706 | Gauntlet | Found a transporter.
 19712 | Gauntlet | Found a transporter.
 19733 | Gauntlet | Found a large runed translucent door.
 19734 | Gauntlet | Found a large runed translucent door.
 19735 | Gauntlet | Found a large runed translucent door.
 19735 | Gauntlet | Found a large runed translucent door.
 19736 | Gauntlet | Found a runed translucent gate.
 19737 | Gauntlet | Found a transporter.
 19737 | Gauntlet | Found a runed translucent gate.
 19738 | Gauntlet | Found a runed translucent gate.
 19738 | Gauntlet | Found a large runed translucent door.
 19738 | Gauntlet | Found a large runed translucent door.
 19738 | Gauntlet | Found a runed translucent door.
 19738 | Gauntlet | Found a runed translucent door.
 19739 | Gauntlet | Found a large runed translucent door.
 19740 | Gauntlet | Found a large runed translucent door.
 19742 | Gauntlet | Found a transporter.
 19744 | Gauntlet | Found a transporter.
 19758 | Gauntlet | Found a large runed translucent door.
 19758 | Gauntlet | Found a large runed translucent door.
 19759 | Gauntlet | Found a large runed translucent door.
 19760 | Gauntlet | Found a large runed translucent door.
 19768 | Gauntlet | Found a transporter.
 19769 | Gauntlet | Found a large runed translucent door.
 19769 | Gauntlet | Found a large runed translucent door.
 19770 | Gauntlet | Found a large runed translucent door.
 19771 | Gauntlet | Found a large runed translucent door.
 19773 | Gauntlet | Found a transporter.
 19823 | Gauntlet | Found a transporter.
 20055 | Gauntlet | Got a slimy amethyst amulet
 20056 | Gauntlet | Identified the amulet "Lyodiedi" {Inacc Dex+6} (You found
                  | it in a Gauntlet)
 20108 | Orc:2    | Noticed an orc warlord
 20751 | Orc:1    | Killed an orc warlord
 20751 | Orc:1    | Received a gift from Okawaru
 20758 | Orc:1    | Got a fading demon blade {god gift}
 20759 | Orc:1    | Identified the +3 demon blade "Iciler" {elec, rPois rN+
                  | Dex-3} (Okawaru gifted it to you on level 1 of the Orcish
                  | Mines)
 21105 | Orc:2    | Found a staircase to the Elven Halls.
 21778 | Orc:2    | Found Keemeewne's Antique Weapon Emporium.
 21778 | Orc:2    | Found Goek's Weapon Shoppe.
 21779 | Orc:2    | Found Cehonnec's Armour Shoppe.
 21782 | Orc:2    | Found Quick's Gadget Emporium.
 22218 | D:14     | Noticed Azrael
 22259 | D:14     | Killed Azrael
 22527 | D:14     | Received a gift from Okawaru
 22537 | D:14     | Noticed Nessos
 22546 | D:14     | Killed Nessos
 22546 | D:14     | Reached skill level 13 in Shields
 22921 | D:14     | Found a blossoming altar of Fedhas.
 23140 | D:14     | Reached XP level 15. HP: 107/118 MP: 17/17
 23209 | D:14     | Reached skill level 1 in Evocations
 23980 | D:15     | Entered Level 15 of the Dungeon
 25401 | D:15     | Found a staircase to the Depths.
 25420 | D:15     | Received a gift from Okawaru
 26797 | Lair:5   | Reached skill level 14 in Shields
 26920 | Lair:5   | Found a runed translucent door.
 27597 | Lair:5   | Received a gift from Okawaru
 28131 | Lair:5   | Got a steaming diamond amulet
 28132 | Lair:5   | Identified the amulet "Orecaheno" {Spirit *Slow rPois rN+
                  | Int+7} (You found it on level 5 of the Lair of Beasts)
 28134 | Lair:5   | Identified the Papyrus of Unstable Sinister Magic
 28322 | Lair:6   | Entered Level 6 of the Lair of Beasts
 28373 | Lair:6   | Reached XP level 16. HP: 128/128 MP: 18/18
 29818 | Lair:6   | Found a viscous altar of Jiyva.
 29818 | Lair:6   | Found a staircase to the Slime Pits.
 29912 | Lair:6   | Found a large runed translucent door.
 30253 | Lair:6   | Reached skill level 15 in Long Blades
 30276 | Lair:6   | Found a large runed translucent door.
 30777 | Shoals:1 | Entered Level 1 of the Shoals
 30789 | Shoals:1 | Noticed Louise
 30799 | Shoals:1 | Killed Louise
 30840 | Shoals:1 | Found a runed translucent door.
 30840 | Shoals:1 | Noticed harlaan's ghost (journeyman DESu)
 30869 | Shoals:1 | Killed harlaan's ghost
 31496 | Shoals:2 | Found a flickering gateway to a bazaar.
 31514 | Bazaar   | Entered a bazaar
 31514 | Bazaar   | Found Poips's Assorted Antiques.
 31514 | Bazaar   | Found Urugesch's Jewellery Shoppe.
 31514 | Bazaar   | Found Hefozus's Armour Shop.
 31516 | Bazaar   | Found Nafan's Distillery.
 31516 | Bazaar   | Found Daojysext's Gadget Shop.
 31526 | Bazaar   | Bought a potion of berserk rage for 45 gold pieces
 31533 | Bazaar   | Bought a wand of digging (6) for 180 gold pieces
 31541 | Bazaar   | Bought the -2 hat of the Alchemist {rElec rPois rF+ rC+ rN+
                  | MR+ rMut rCorr} for 755 gold pieces
 31541 | Bazaar   | Found the -2 hat of the Alchemist {rElec rPois rF+ rC+ rN+
                  | MR+ rMut rCorr}
 31541 | Bazaar   | Bought a scroll of magic mapping for 56 gold pieces
 31558 | Bazaar   | Bought a wand of digging (5) for 128 gold pieces
 31580 | Bazaar   | Bought a cursed amulet of inaccuracy for 24 gold pieces
 31598 | Bazaar   | Bought the ring "Koitwam" {rPois Str+7 Dex-3 Slay+4} for
                  | 1171 gold pieces
 31756 | Shoals:2 | Received a gift from Okawaru
 31809 | Shoals:2 | Reached skill level 15 in Shields
 32337 | Shoals:3 | Noticed Jorgrun
 32802 | Shoals:3 | Killed Jorgrun
 32861 | Shoals:3 | Got an ancient copper ring
 32862 | Shoals:3 | Identified the ring "Esoaggoi" {rElec rC+ MP-9 EV+4} (You
                  | found it on level 3 of the Shoals)
 33355 | Shoals:3 | Noticed Nikola
 33379 | Shoals:3 | Killed Nikola
 33931 | Spider:1 | Entered Level 1 of the Spider Nest
 34412 | Spider:1 | Noticed Aizul
 34430 | Spider:1 | Killed Aizul
 34932 | Spider:1 | Found a runed translucent door.
 34933 | Spider:1 | Found a shimmering altar of Xom.
 34933 | Spider:1 | Noticed Colgate's ghost (journeyman CeHu)
 34933 | Spider:1 | Identified the +9 rapier of Compulsion {chaos, *Contam
                  | Str+2 Dex+2}
 34970 | Spider:1 | Gained mutation: You have sharp toenails. [demonic
                  | ancestry]
 34970 | Spider:1 | Reached XP level 17. HP: 137/137 MP: 20/20
 35147 | Spider:1 | Reached skill level 1 in Throwing
 35147 | Spider:1 | Reached skill level 1 in Unarmed Combat
 35147 | Spider:1 | Reached skill level 1 in Spellcasting
 35147 | Spider:1 | Gained mutation: You have razor-sharp toenails. [demonic
                  | ancestry]
 35147 | Spider:1 | Reached XP level 18. HP: 143/143 MP: 21/21
 35270 | Spider:1 | Killed Colgate's ghost
 35270 | Spider:1 | Received a gift from Okawaru
 35859 | Spider:2 | Noticed Arachne
 35893 | Spider:2 | Killed Arachne
 35893 | Spider:2 | Reached skill level 16 in Shields
 36804 | Spider:3 | Was placed under penance by Okawaru
 36875 | Spider:3 | Got a shimmering pewter ring
 36876 | Spider:3 | Identified the ring of Verax {Ice Int+2} (You found it on
                  | level 3 of the Spider Nest)
 37363 | Spider:4 | Entered Level 4 of the Spider Nest
 37385 | Spider:4 | Was forgiven by Okawaru
 39325 | Spider:4 | Received a gift from Okawaru
 39397 | Spider:4 | Identified a scroll of acquirement
 39463 | Spider:4 | Got a gossamer rune of Zot
 40584 | Shoals:4 | Entered Level 4 of the Shoals
 40584 | Shoals:4 | Noticed Kirke
 40809 | Shoals:4 | Reached skill level 17 in Shields
 40810 | Shoals:4 | Killed Kirke
 40815 | Shoals:4 | Got a bloodstained lajatang
 41337 | Shoals:4 | Got a barnacled rune of Zot
 42800 | Shoals:4 | Gained mutation: You have claws for feet. [demonic
                  | ancestry]
 42800 | Shoals:4 | Reached XP level 19. HP: 116/152 MP: 22/22
 43243 | Shoals:4 | Got a pitted rapier
 43244 | Shoals:4 | Identified the +5 rapier "Oduxyr" {vorpal, rPois Dex+2}
                  | (You found it on level 4 of the Shoals)
 43247 | Shoals:4 | Identified the +6 lajatang of Anxiety {holy, rC+ rN+ Int+6
                  | Dex-2} (You found it on level 4 of the Shoals)
 43833 | Elf:1    | Entered Level 1 of the Elven Halls
 44323 | Elf:1    | Received a gift from Okawaru
 44356 | Elf:1    | Got a masterwork long sword {god gift}
 44357 | Elf:1    | Identified the +8 long sword of Okawaru's Inspiration
                  | {flame, Stlth+} (Okawaru gifted it to you on level 1 of the
                  | Elven Halls)
 44447 | Elf:1    | Identified the Volume of Unholy Rites
 45051 | Elf:1    | Found Cod Laty's General Store.
 45058 | Elf:1    | Bought a scroll of teleportation for 36 gold pieces
 45687 | Elf:2    | Received a gift from Okawaru
 45687 | Elf:2    | Reached skill level 18 in Shields
 45808 | Elf:2    | Found a runed translucent gate.
 45809 | Elf:2    | Found a runed translucent gate.
 45817 | Elf:2    | Found a runed translucent gate.
 46388 | Elf:3    | Entered Level 3 of the Elven Halls
 47663 | Elf:3    | Identified the +9 short sword "Otohiedi" {flame, rElec MR+}
 47855 | Elf:3    | Identified the ring of Moxiedeb {rPois rC+++ MR+ Dex-4
                  | SInv}
 47901 | Elf:3    | Noticed a Brimstone Fiend
 47908 | Elf:3    | Reached skill level 15 in Fighting
 47960 | Elf:3    | Received a gift from Okawaru
 48302 | Elf:3    | Identified the ring of Leaves {Wiz MP-9 Str+4}
 48451 | Elf:3    | Identified the +5 war axe "Folaz" {freeze, *Noise rN++
                  | Int+8 Dex-2}
 48679 | Elf:3    | Reached XP level 20. HP: 42/162 MP: 23/23
 49339 | Elf:3    | Identified the +1 leather armour of Death Resistance {rF+
                  | MR+ Int+2}
 49756 | Elf:3    | Reached skill level 19 in Shields
 49884 | Elf:3    | Got twisted storm dragon scales
 49895 | Elf:3    | Identified the cursed +0 storm dragon scales of Zufiutt
                  | {rElec rF+ rC+ rN+ MR+} (You found it on level 3 of the
                  | Elven Halls)
 49898 | Elf:3    | Got an ancient hand crossbow
 49917 | Elf:3    | Identified Sif Muna's Grimoire of Assistive Creation
 49931 | Elf:3    | Identified the Collected Works on Boosting Attacks
 49954 | Elf:3    | Identified the +5 hand crossbow of Demonkind {venom, rF+
                  | Str+4} (You found it on level 3 of the Elven Halls)
 51137 | Vaults:1 | Entered Level 1 of the Vaults
 51202 | Vaults:1 | Found Duid's Antique Weapon Emporium.
 51716 | Vaults:1 | Received a gift from Okawaru
 51954 | Vaults:1 | Found Ysesaeto's Jewellery Emporium.
 51955 | Vaults:1 | Found Arhoup's Jewellery Boutique.
 52421 | Vaults:1 | Found Nujit's Distillery.
 52491 | Vaults:1 | Bought a potion of might for 68 gold pieces
 52491 | Vaults:1 | Bought a potion of might for 68 gold pieces
 52940 | Vaults:1 | Received a gift from Okawaru
 52968 | Vaults:1 | Got a shimmering scimitar {god gift}
 52969 | Vaults:1 | Identified the +0 scimitar of Tension {venom, Str+4}
                  | (Okawaru gifted it to you on level 1 of the Vaults)
 53268 | Vaults:1 | Found Moucaminuf's Jewellery Emporium.
 53746 | Vaults:2 | Paralysed by a floating eye for 2 turns
 53749 | Vaults:2 | Found a staircase to the Crypt.
 53753 | Vaults:2 | Reached skill level 20 in Shields
 54125 | Vaults:2 | Got a bloodstained morningstar
 54126 | Vaults:2 | Identified the +5 morningstar of the Equator {freeze, *Rage
                  | rC++ MR+ Int+8} (You found it on level 2 of the Vaults)
 54564 | Vaults:2 | Gained mutation: A demonic guardian rushes to your aid.
                  | [demonic ancestry]
 54564 | Vaults:2 | Reached XP level 21. HP: 78/170 MP: 24/24
 54582 | Vaults:2 | Received a gift from Okawaru
 55499 | Vaults:2 | Reached skill level 15 in Armour
 56040 | Vaults:2 | Received a gift from Okawaru
 56041 | Vaults:2 | Found the +4 skin of Zhor {Englaciate rC+++ SInv}
 56105 | Vaults:2 | Identified the +1 quarterstaff "Grim" {drain, *Contam +Fly
                  | rPois Stlth+} (Okawaru gifted it to you on level 2 of the
                  | Vaults)
 56365 | Vaults:3 | Found a flickering gateway to a bazaar.
 56374 | Bazaar   | Entered a bazaar
 56374 | Bazaar   | Found Potzath's General Store.
 56374 | Bazaar   | Found Cijuova's General Store.
 56377 | Bazaar   | Bought a scroll of blinking for 60 gold pieces
 56398 | Bazaar   | Found Axta Ifa's General Store.
 56398 | Bazaar   | Found Ogramirr's General Store.
 56420 | Bazaar   | Found Podit's General Store.
 56420 | Bazaar   | Found Faitimolu's General Store.
 56442 | Bazaar   | Found Qyczirr's General Store.
 56442 | Bazaar   | Found Zalu's General Store.
 56449 | Bazaar   | Bought a scroll of magic mapping for 42 gold pieces
 56457 | Bazaar   | Bought +1 pearl dragon scales for 1258 gold pieces
 56611 | Vaults:3 | Noticed Frederick
 56621 | Vaults:3 | Noticed Agnes
 56623 | Vaults:3 | Killed Frederick
 56635 | Vaults:3 | Killed Agnes
 58995 | Vaults:4 | Received a gift from Okawaru
 58999 | Vaults:4 | Reached skill level 21 in Shields
 59182 | Vaults:4 | Noticed Sojobo
 59203 | Vaults:4 | Identified the Incunabulum of Shape Shifting and Toxins
 59207 | Vaults:4 | Killed Sojobo
 59804 | Vaults:4 | Found Igraule's Jewellery Shoppe.
 59916 | Vaults:4 | Identified the +6 quarterstaff "Sapheiwi" {holy, +Inv rC+
                  | rN+++ Int-5}
 60463 | Vaults:5 | Entered Level 5 of the Vaults
 60689 | Vaults:5 | Noticed a golden dragon
 60692 | Vaults:4 | Gained mutation: You resist negative energy. (rN+) [demonic
                  | ancestry]
 60692 | Vaults:4 | Reached XP level 22. HP: 104/179 MP: 23/25
 61054 | Vaults:4 | Received a gift from Okawaru
 61094 | Vaults:4 | Killed a golden dragon
 61445 | Vaults:5 | Reached skill level 5 in Invocations
 62008 | Vaults:5 | Noticed an ancient lich
 62102 | Vaults:5 | Killed an ancient lich
 62102 | Vaults:5 | Received a gift from Okawaru
 62102 | Vaults:5 | Reached skill level 5 in Stealth
 62215 | Vaults:5 | Reached skill level 22 in Shields
 62821 | Vaults:5 | Noticed a golden dragon
 62836 | Vaults:4 | Killed a golden dragon
 63033 | Vaults:4 | Received a gift from Okawaru
 63131 | Vaults:5 | Noticed a golden dragon
 63149 | Vaults:4 | Killed a golden dragon
 63189 | Vaults:5 | Noticed a golden dragon
 63674 | Vaults:5 | Gained mutation: You are somewhat able to resist unholy
                  | torments (1 in 2 success). [demonic ancestry]
 63674 | Vaults:5 | Reached XP level 23. HP: 173/187 MP: 26/26
 63710 | Vaults:5 | Identified the +9 flail "Susy" {pain, *Drain rPois MR+
                  | Dex+5}
 64335 | Vaults:5 | Identified the +7 morningstar of Fragile Peace {vorpal,
                  | *Slow rC+ Str+5 Int+2}
 64335 | Vaults:5 | Noticed an ancient lich
 64363 | Vaults:5 | Killed an ancient lich
 64363 | Vaults:5 | Received a gift from Okawaru
 64636 | Vaults:5 | Identified Waha's Handbook of Lethal Toxins
 64799 | Vaults:5 | Identified Coceb's Compendium of Nocuous Attacks
 65200 | Vaults:5 | Got a silver rune of Zot
 65208 | Vaults:5 | Gained mutation: A powerful demonic guardian rushes to your
                  | aid. [demonic ancestry]
 65208 | Vaults:5 | Reached XP level 24. HP: 195/195 MP: 26/27
 65222 | Vaults:5 | Upgraded the game from 0.25.0-33-gff14898491 to
                  | 0.25.0-37-gb73750e0fb
 65404 | Crypt:1  | Entered Level 1 of the Crypt
 65430 | Crypt:1  | Found an ancient bone altar of Kikubaaqudgha.
 65495 | Crypt:1  | Paralysed by something for 7 turns
 65842 | Crypt:1  | Reached skill level 23 in Shields
 66257 | Crypt:1  | Noticed Xtahua
 66270 | Crypt:1  | Killed Xtahua
 66371 | Crypt:1  | Noticed Saint Roka
 66394 | Crypt:1  | Killed Saint Roka
 66394 | Crypt:1  | Received a gift from Okawaru
 66454 | Crypt:1  | Found the +3 Elemental Staff {rElec rF++ rC++ MR++ AC+5}
 66786 | Crypt:1  | Noticed Boris
 66797 | Crypt:1  | Killed Boris
 67900 | Crypt:2  | Received a gift from Okawaru
 68785 | Crypt:3  | Entered Level 3 of the Crypt
 69287 | Crypt:3  | Found an ancient bone altar of Kikubaaqudgha.
 69368 | Crypt:3  | Reached XP level 25. HP: 202/203 MP: 27/27
 69568 | Crypt:3  | Noticed an ancient lich
 69576 | Crypt:3  | Killed an ancient lich
 69584 | Crypt:3  | Got a vibrating granite ring
 69585 | Crypt:3  | Identified the ring "Bitat" {+Fly rPois Int+6} (You found
                  | it on level 3 of the Crypt)
 69591 | Crypt:3  | Got encrusted fire dragon scales
 69592 | Crypt:3  | Identified the +7 fire dragon scales of the Heavens {rPois
                  | rF++ rC- Int+7 Slay-6 Stlth+} (You found it on level 3 of
                  | the Crypt)
 70064 | Crypt:3  | Reached skill level 24 in Shields
 70655 | Crypt:3  | Identified the Tome of Evil
 70777 | Crypt:3  | Found a staircase to the Tomb.
 71322 | Crypt:3  | Got a twisted helmet
 71323 | Crypt:3  | Identified the cursed +0 helmet of Waachy {rF+} (You found
                  | it on level 3 of the Crypt)
 71939 | Lair:2   | Killed Reubyar's ghost
 72297 | Depths:1 | Entered Level 1 of the Depths
 72327 | Depths:1 | Received a gift from Okawaru
 72387 | Depths:1 | Noticed Boris
 72398 | Depths:1 | Killed Boris
 72774 | Depths:1 | Found a gateway to Hell.
 73208 | Depths:1 | Found Saoqot's Jewellery Boutique.
 73208 | Depths:1 | Found Icatusad's Gadget Shoppe.
 73209 | Depths:1 | Found Niomebimp's Gadget Shoppe.
 73216 | Depths:1 | Bought a cursed ring of attention for 81 gold pieces
 73222 | Depths:1 | Bought a wand of digging (7) for 462 gold pieces
 73332 | Depths:1 | Found a portal to a secret trove of treasure.
 73391 | Depths:1 | Received a gift from Okawaru
 74116 | Depths:2 | Identified the +2 falchion of Supply {flame, Str-4 Int+3
                  | Dex+5 Stlth+}
 74301 | Depths:2 | Noticed a juggernaut
 74325 | Depths:2 | Killed a juggernaut
 74885 | Depths:2 | Identified the ring of the Tarantula {*Corrode rElec rPois
                  | Dex+5 SInv}
 74889 | Depths:2 | Reached skill level 25 in Shields
 74913 | Depths:2 | Reached XP level 26. HP: 56/211 MP: 27/27
 75474 | Depths:2 | Received a gift from Okawaru
 75902 | Depths:2 | Acquired 1180 gold pieces
 77323 | Elf:1    | Bought a potion of haste for 120 gold pieces
 77787 | Depths:3 | Found a transporter.
 77788 | Depths:3 | Found a shimmering blue altar of Sif Muna.
 78123 | Depths:3 | Paralysed by a great orb of eyes for 3 turns
 78473 | Depths:3 | Got a twisted chain mail
 78474 | Depths:3 | Identified the +7 chain mail of Failure {rN+++ Regen+
                  | Int-2} (You found it on level 3 of the Depths)
 78506 | Depths:3 | Found a one-way gate leading to the halls of Pandemonium.
 78886 | Depths:3 | Paralysed by a floating eye for 4 turns
 78937 | Depths:3 | Received a gift from Okawaru
 79074 | Depths:3 | Found a transporter.
 79137 | Depths:3 | Got a pair of faintly glowing gloves
 79148 | Depths:3 | Identified the +0 pair of gloves of Busetot {MR+ Dex+2}
                  | (You found it on level 3 of the Depths)
 79215 | Depths:4 | Found a one-way gate to the infinite horrors of the Abyss.
 79558 | Depths:4 | Received a gift from Okawaru
 80089 | Depths:4 | Found a shattered altar of Ashenzari.
 80098 | Depths:4 | Reached skill level 26 in Shields
 80600 | Depths:4 | Noticed a juggernaut
 80622 | Depths:4 | Killed a juggernaut
 80892 | Depths:4 | Noticed Boris
 80908 | Depths:4 | Killed Boris
 80919 | Depths:4 | Got a twisted long sword {god gift}
 80947 | Depths:4 | Identified the +5 long sword "Dasez" {vamp, +Fly rElec rF-
                  | Dex+5} (Okawaru gifted it to you on level 4 of the Depths)
 80954 | Depths:4 | Gained mutation: Your melee attacks may debilitate your
                  | foes. [demonic ancestry]
 80954 | Depths:4 | Reached XP level 27. HP: 222/222 MP: 27/27
 80979 | Depths:4 | Received a gift from Okawaru
 81494 | Depths:5 | Entered Level 5 of the Depths
 81508 | Depths:5 | Noticed Mennas
 81516 | Depths:5 | Noticed a juggernaut
 81536 | Depths:5 | Killed Mennas
 81542 | Depths:5 | Killed a juggernaut
 82258 | Depths:5 | Found a gateway to a ziggurat.
 82304 | Depths:5 | Found a gate to the Realm of Zot.
 82613 | Hell     | Entered the Vestibule of Hell
 82613 | Hell     | Noticed Geryon
 82617 | Hell     | Received a gift from Okawaru
 82636 | Hell     | Killed Geryon
 82636 | Hell     | Received a gift from Okawaru
 83468 | Zot:1    | Entered Level 1 of the Realm of Zot
 84312 | Zot:1    | Reached skill level 27 in Shields
 84938 | Zot:1    | Received a gift from Okawaru
 84976 | Zot:1    | Got a masterwork quarterstaff {god gift}
 85013 | Zot:1    | Identified the +5 quarterstaff of a Billion Hosts {flame,
                  | rPois Str+2} (Okawaru gifted it to you on level 1 of the
                  | Realm of Zot)
 86586 | Zot:1    | Received a gift from Okawaru
 87137 | Zot:1    | Got an ancient helmet {god gift}
 87138 | Zot:1    | Identified the +3 helmet of the Original Sin {Regen+
                  | Slay+3} (Okawaru gifted it to you on level 1 of the Realm
                  | of Zot)
 88131 | Slime:1  | Entered Level 1 of the Pits of Slime
 88216 | Slime:2  | Paralysed by a floating eye for 3 turns
 88221 | Slime:2  | Paralysed by a floating eye for 4 turns
 88679 | Slime:4  | Gained mutation: You occasionally shout uncontrollably at
                  | your foes. [a shining eye]
 88998 | Slime:5  | Entered Level 5 of the Pits of Slime
 89018 | Slime:5  | Paralysed by a floating eye for 4 turns
 89019 | Slime:5  | Gained mutation: You are dopey. (Int -2) [a shining eye]
 89022 | Slime:5  | Gained mutation: You are frail. (-10% HP) [a shining eye]
 89413 | Slime:5  | Noticed the Royal Jelly
 89427 | Slime:5  | Killed the Royal Jelly
 90357 | Slime:5  | Found the +7 Singing Sword {vorpal, sonic wave}
 90359 | Slime:5  | Found the +9 staff of Wucad Mu {channel}
 90359 | Slime:5  | Found the +4 dagger "Morg" {pain, MR+ Int+5}
 90359 | Slime:5  | Paralysed by a floating eye for 3 turns
 90378 | Slime:5  | Identified the Tome of Aerial Evil
 90411 | Slime:5  | Identified the Compendium of Mutagenic Translocation
 90442 | Slime:5  | Got a slimy rune of Zot
 90458 | Slime:5  | Identified Sif Muna's Almanac of Lightness and Ignition
 90465 | Slime:5  | Got a heavily runed platinum ring
 90466 | Slime:5  | Identified the ring "Xing" {*Corrode +Fly rElec Dex+5
                  | Stlth+} (You found it on level 5 of the Pits of Slime)
 90478 | Slime:5  | Identified Yroitedgh's Almanac of Earthen Malediction
 90497 | Slime:5  | Identified the +5 demon blade of Okekim {vorpal, +Blink
                  | MR++ Dex-4 Stlth+} (You found it on level 5 of the Pits of
                  | Slime)
 91215 | Zot:2    | Received a gift from Okawaru
 91224 | Zot:2    | Noticed an orb of fire
 91392 | Zot:1    | Gained mutation: You are very frail. (-20% HP) [an orb of
                  | fire]
 91393 | Zot:1    | HP: 7/179 [orb of fire/bolt of fire (24)]
 91415 | Zot:1    | HP: 7/182 [orb of fire/bolt of fire (26)]
 91845 | Zot:1    | Received a gift from Okawaru
 92584 | Zot:1    | Killed an orb of fire
 94447 | Zot:3    | Received a gift from Okawaru
 96022 | Zot:4    | Received a gift from Okawaru
 96050 | Zot:4    | Got a shimmering silver ring
 96561 | Zot:4    | Identified the cursed +1 morningstar of Plague {freeze, rF+
                  | Str+2}
 97026 | Zot:4    | Identified the ring "Olept" {Ice rElec rPois MR- MP+9} (You
                  | found it on level 4 of the Realm of Zot)
 97907 | Zot:5    | Entered Level 5 of the Realm of Zot
 97979 | Zot:5    | Received a gift from Okawaru
 97980 | Zot:5    | Found the +2 robe of Vines {NoPotionHeal Regen+7}
 98300 | Zot:5    | Got a slimy chain mail
 98301 | Zot:5    | Identified the +6 chain mail "Vonak" {rN++ Regen+ Str+3
                  | Stlth-} (You found it on level 5 of the Realm of Zot)
 98452 | Zot:5    | Noticed an ancient lich
 98461 | Zot:5    | Killed an ancient lich
 98480 | Zot:5    | Noticed an orb of fire
 98498 | Zot:5    | HP: 3/186 [orb of fire/bolt of fire (27)]
 98884 | Zot:5    | Gained mutation: You are very dopey. (Int -4) [an orb of
                  | fire]
 98888 | Zot:5    | Killed an orb of fire
 99369 | Zot:5    | Noticed an ancient lich
 99372 | Zot:5    | Noticed an orb of fire
 99373 | Zot:5    | Noticed an orb of fire
 99374 | Zot:5    | Killed an ancient lich
 99376 | Zot:5    | Noticed an ancient lich
 99379 | Zot:5    | Noticed an orb of fire
 99382 | Zot:5    | Noticed an orb of fire
 99384 | Zot:5    | Gained mutation: Your spells are a little easier to cast,
                  | but a little less powerful. [an orb of fire]
 99387 | Zot:5    | Gained mutation: Your body sometimes deteriorates upon
                  | taking damage. [an orb of fire]
 99388 | Zot:5    | Gained mutation: Scrolls take you a little longer to read.
                  | [an orb of fire]
 99395 | Zot:5    | HP: 6/186 [orb of fire/fireball (4)]
 99397 | Zot:5    | Gained mutation: Scrolls take you longer to read. [an orb
                  | of fire]
 99404 | Zot:5    | Noticed an orb of fire
 99404 | Zot:5    | Noticed an orb of fire
 99414 | Zot:5    | Killed an orb of fire
 99414 | Zot:5    | Received a gift from Okawaru
 99422 | Zot:5    | Gained mutation: You do not regenerate when monsters are
                  | visible. [an orb of fire]
 99432 | Zot:5    | Noticed an ancient lich
 99432 | Zot:5    | Killed an orb of fire
 99443 | Zot:5    | Killed an ancient lich
 99854 | Zot:5    | Gained mutation: Your body often deteriorates upon taking
                  | damage. [an orb of fire]
 99855 | Zot:5    | Gained mutation: You have a pair of small antennae on your
                  | head. [an orb of fire]
 99857 | Zot:5    | Gained mutation: You tend to lose your temper in combat.
                  | [an orb of fire]
 99859 | Zot:5    | Killed an orb of fire
 99919 | Zot:5    | Killed an ancient lich
 99919 | Zot:5    | Received a gift from Okawaru
 99924 | Zot:5    | Got a brightly glowing spear {god gift}
100079 | Zot:5    | Killed an orb of fire
100107 | Zot:5    | Killed from afar by an orb of fire

Illustrated notes

Levels and vault maps discovered:
D:1:      dpeg_arrival_shelter, layout_basic
D:2:      layout_loops_ring
D:3:      layout_rooms, first_ration
D:4:      layout_basic, st_stairs_1, minmay_misc_feat_pillars
D:5:      layout_basic, minivault_14, okawaru_trees_2
D:6:      layout_rooms, minmay_temple_entry_fiery, uniq_crazy_yiuf_cottage,
          uniq_maggie
D:7:      layout_loops_cross, zin_purify, serial_shops, nicolae_shop_statue_plus
D:8:      layout_cave_pods, nicolae_ossuary_entry_plus
D:9:      layout_loops_ring, lair_entry_dummy, serial_shops, shop
D:10:     layout_basic
D:11:     layout_basic, blue_anna_alchemist [blue_anna_fruit_fields,
          blue_anna_fruit_fields], uniq_fannar, uniq_sonja, uniq_snorg,
          uniq_grum, uniq_erica
D:12:     layout_roguey, orc_0_dummy, special_room [special_room_orc],
          kennysheep_just_a_vault
D:13:     layout_long_grid, david_vaults_1, minmay_misc_feat_rows,
          lemuel_centaur_altar, uniq_frances
D:14:     layout_roguey, lemuel_tele_altar, minmay_rotating_lava, uniq_nessos,
          uniq_azrael
D:15:     hangedman_depths_entry_try_elsewhere_first, layout_long_grid,
          minivault_20
Lair:1:   layout_cave_pods, st_stairs_12, uniq_harold
Lair:2:   layout_big_grid, gammafunk_ghost_necromancy, beast_lair_carwin_9,
          wad_woods_river_01, grunt_megastairs_5
Lair:3:   layout_concentric_octagons, spider_nest_entry_web_field,
          portal_ice_cave_entry_pillars_1
Lair:4:   layout_roguey [special_room_bee], elwin_shoals_entry_stream
Lair:5:   gammafunk_mikee_crab_dinner, layout_big_grid,
          chequers_serial_rivers_small_a, serial_bayou_shore_b
Lair:6:   cheibrodos_lair_end_hotspot, layout_regular_city,
          dpeg_slime_entry_enclosed_altar, minmay_lair_drake_nest
Shoals:1: layout_shoals, gammafunk_ghost_grave, nicolae_shoals_so_close,
          uniq_louise
Shoals:2: layout_shoals, serial_shops, bzr_entry_road
Shoals:3: layout_shoals, uniq_jorgrun, uniq_nikola
Shoals:4: shoals_end_simple, layout_shoals, uniq_kirke
Spider:1: layout_spider_delve, ebering_ghost_xom, drop_trap, uniq_aizul
Spider:2: layout_spider_delve, drop_trap, hangedman_spider_tarantella_strand,
          uniq_arachne
Spider:3: layout_spider_delve, drop_trap
Spider:4: spider_rune_water
Slime:1:  layout_caves
Slime:2:  cheibrodos_slime_lost_civilization_10, layout_caves,
          nicolae_slime_phagocytosis
Slime:3:  layout_caves, cheibrodos_slime_lost_civilization_5
Slime:4:  layout_caves
Slime:5
Orc:1:    layout_diamond_mine, gammafunk_ghost_fury_of_okawaru,
          statue_in_the_mist_lemuel, guppyfry_library_mini
Orc:2:    st_orc_mages, layout_caves, gauntlet_entry_generic
Elf:1:    elf_arrival_002, layout_geoelf_octagon, serial_shops, shop,
          minmay_elf_necromancy, st_stairs_10
Elf:2:    layout_loops_cross, minivault_16
Elf:3:    minmay_elf_hall_x, layout_loops_cross, palyth_stone_intersect
Vaults:1: nicolae_vaults_what_the_h, v_misc_11, vaults_mumra_minichess,
          nicolae_vaults_little_squares_3, vaults_room_guarded_vault,
          v_alt_pattern_1, ontoclasm_vaults_ligature,
          ontoclasm_vaults_ring_square, v_misc_17,
          hangedman_vaults_stretched_pinwheel, v_pattern_4, grunt_vaults_funnel,
          v_rooms_3, layout_vaults_omnicross, serial_shops, shop, shop,
          nicolae_shop_statue_plus, nicolae_shop_trees, shop
Vaults:2: hangedman_vaults_slice, minmay_crypt_entry_simple_sparse,
          nicolae_vaults_inception_scallops, ontoclasm_vaults_loading_screen,
          ontoclasm_vaults_hangar, nicolae_vaults_little_squares_3,
          nicolae_vaults_network_quincunx
          [nicolae_vaults_network_quincunx_subvault,
          nicolae_vaults_network_quincunx_subvault,
          nicolae_vaults_network_quincunx_subvault,
          nicolae_vaults_network_quincunx_subvault,
          nicolae_vaults_network_quincunx_subvault], v_misc_31,
          nicolae_vaults_arrows, nicolae_vaults_three_branches,
          nicolae_vaults_border_crossing, layout_vaults_omnibox
Vaults:3: v_misc_11, vaults_room_grid, hangedman_vaults_hat,
          ontoclasm_vaults_twist, hangedman_vaults_restitches,
          nicolae_vaults_ring_of_whatevers, hangedman_vaults_restitches,
          sword_in_stone, v_misc_19, layout_vaults_omnigrid, serial_shops,
          bzr_entry_dummy
Vaults:4: ontoclasm_vaults_loading_screen, grunt_vaults_twisty, v_misc_11,
          st_spiral_rooms, ontoclasm_vaults_fault, nicolae_vaults_circle_grid_b,
          ontoclasm_vaults_claustrophobia, vaults_room_pool,
          ontoclasm_vaults_misaligned, nicolae_vaults_twisting_passages,
          vaults_room_stairs_pillars, layout_vaults_maze_bifur, serial_shops,
          shop, uniq_sojobo, uniq_margery
Vaults:5
Crypt:1:  layout_gridlike, basic_altar, weyrava_lich_vault,
          grunt_crypt_arrival_webbed, uniq_xtahua, uniq_saint_roka
Crypt:2:  layout_regular_city
Crypt:3:  evilmike_haunted_forest
Depths:1: layout_basic, enter_trove_5, minmay_fountain_box, grunt_metal_band,
          evilmike_butchery, minmay_shop_grove, infiniplex_staircase_pool_lava
Depths:2: hangedman_pleasuredromes, hell_entry
Depths:3: gammafunk_sealed_library, layout_small_grid, serial_bayou_shore_a,
          pf_hell_entry_tar_river, rand_demon_pan_entry_5,
          infiniplex_staircase_river
Depths:4: minmay_the_grid_triangle_9x9_recursive_3_mashed
          [minmay_the_grid_triangle_9x9_checkered,
          minmay_the_grid_triangle_9x9_warning,
          minmay_the_grid_triangle_9x9_skeleton,
          minmay_the_grid_triangle_9x9_prize_top_heavy,
          minmay_the_grid_triangle_9x9_limited_checkers,
          minmay_the_grid_triangle_9x9_negative_grid,
          minmay_the_grid_triangle_9x9_windchime,
          minmay_the_grid_triangle_9x9_odd_lines,
          minmay_the_grid_triangle_9x9_alien], layout_gridlike, abyss_entry,
          hell_entry, serial_glass, glass_columns_a, glass_columns_b,
          due_unseen_surprise, evilmike_ruin_ashenzari, uniq_frederick
Depths:5: grunt_twist_and_shout, layout_cave_pools, enter_ziggurat_f,
          hell_entry, hex_tiny, uniq_mennas
Hell
Zot:1:    lemuel_acid_trip, layout_concentric_octagons, st_single_dragon_hoard_2
Zot:2:    layout_onion, st_stairs_6, st_large_dragon_hoard_3
Zot:3:    layout_cellular_growth
Zot:4:    layout_concentric_octagons, st_single_dragon_hoard_4,
          st_large_dragon_hoard_1
Zot:5:    layout_cathedral_of_symmetry

Skill      XL: |  1  2  3  4  5  6  7  8  9 10 11 12 13 14 15 16 17 18 19 20 21 22 23 24 25 26 27 |
---------------+----------------------------------------------------------------------------------+-----
Shields        | 3 4 5 6 7 9 10 11 13 14 15 17 18 20 21 22 23 25 26 27 | 27.0
Armour         | 3 4 5 6 7 8 9 10 11 12 13 14 15 16 17 21 | 21.7
Long Blades    | 2 3 4 5 7 9 10 11 12 13 14 15 16 17 18 19 22 | 22.8
Dodging        | 1 2 3 |  3.3
Stealth        | 1 2 3 4 5 6 |  6.9
Fighting       | 4 5 6 8 9 10 11 12 13 14 15 16 17 18 19 23 | 23.4
Invocations    | 2 3 4 5 6 |  6.3
Evocations     | 1 2 3 |  3.0
Throwing       | 1 |  1.5
Unarmed Combat | 1 |  1.5
Spellcasting   | 1 |  1.6

Action                   |  1- 3 |  4- 6 |  7- 9 | 10-12 | 13-15 | 16-18 | 19-21 | 22-24 | 25-27 || total
-------------------------+-------+-------+-------+-------+-------+-------+-------+-------+-------++-------
Melee: Long sword        |    94 |   127 |   356 |   351 |       |       |  1666 |  1009 |  2453 ||  6056
       Scimitar          |       |       |       |   288 |   848 |    51 |       |       |       ||  1187
       Demon blade       |       |       |       |       |   542 |  1195 |   160 |       |       ||  1897
       Kick              |       |       |       |       |       |       |   832 |   579 |  1707 ||  3118
       Double sword      |       |       |       |       |       |       |       |       |   547 ||   547
Invok: Heroism           |       |       |     3 |    16 |    16 |     9 |     5 |     7 |     5 ||    61
       Finesse           |       |       |       |       |     1 |       |       |       |     1 ||     2
Evoke: Wand              |       |       |       |     4 |     3 |    10 |       |     2 |     5 ||    24
  Use: Scroll            |     4 |     1 |    10 |    10 |     8 |    12 |    18 |     3 |    45 ||   111
       Potion            |       |     2 |       |     3 |     6 |     1 |     1 |     2 |    27 ||    42
 Stab: Distracted        |       |       |     1 |     2 |     8 |     9 |     4 |     4 |     8 ||    36
       Confused          |       |       |       |       |       |       |       |       |     1 ||     1
  Eat: Chunk             |     1 |     7 |    14 |    17 |    40 |    39 |    52 |     9 |    63 ||   242
       Ration            |       |       |       |       |     3 |     2 |     2 |     6 |    10 ||    23
Armor: Scale mail        |    38 |       |       |       |       |       |       |       |       ||    38
       Chain mail        |    15 |    64 |    97 |       |       |       |       |       |       ||   176
       Plate armour      |       |       |    56 |   263 |    95 |       |       |       |       ||   414
       Crystal plate arm |       |       |       |       |   460 |   500 |   467 |   390 |  1155 ||  2972
Dodge: Dodged            |    31 |    23 |    75 |   137 |   214 |   177 |   164 |   142 |   490 ||  1453
Block: Kite shield       |    65 |    74 |   210 |   443 |   991 |   179 |       |       |       ||  1962
       Reflection        |       |       |       |       |    14 |    77 |   199 |    56 |   156 ||   502
       Tower shield      |       |       |       |       |       |  1364 |  2128 |  1377 |  3933 ||  8802
       Other             |       |       |       |       |       |       |       |       |     1 ||     1
       Rpst.: Long sword |     9 |     4 |    32 |    17 |       |       |    36 |    26 |    67 ||   191
       Scimitar          |       |       |       |    20 |    35 |     5 |       |       |       ||    60
       Demon blade       |       |       |       |       |     6 |    26 |     1 |       |       ||    33
       Double sword      |       |       |       |       |       |       |       |       |    13 ||    13
